 Dungeon Crawl Stone Soup version 0.28.0-53-g5a82cb258f (webtiles) character file.

Game seed: 17525561094063085865

294 Zeld the Conjurer (level 6, 0/32 HPs)
             Began as a Gargoyle Conjurer on June 1, 2022.
             Slain by Blork the orc
             ... wielding a +3 long sword of electrocution
              (12 damage)
             ... on level 4 of the Dungeon.
             The game lasted 00:04:32 (3889 turns).

Zeld the Conjurer (Gargoyle Conjurer)               Turns: 3889, Time: 00:04:33

Health: 0/32       AC:  9    Str: 10    XL:     6   Next: 34%
Magic:  12/12      EV: 11    Int: 21    God:
Gold:   153        SH:  0    Dex:  8    Spells: 2/13 levels left

rFire   + + .      SeeInvis .   j - +5 war axe of Temperance {vorpal, rF+ Stlth+}
rCold   + . .      Faith    .   (no shield)
rNeg    + . .      Spirit   .   a - +0 robe
rPois   ∞          Reflect  .   (no helmet)
rElec   +          Harm     .   q - scarf {rC+ rF+}
rCorr   .          Rampage  .   (no gloves)
Will    .....                   e - +2 pair of boots
Stlth   +++.......              (no amulet)
HPRegen 0.10/turn               (no ring)
MPRegen 0.13/turn               (no ring)

@: no status effects
A: sickness immunity, AC +4, negative energy resistance 1, electricity
resistance, torment resistance 1, petrification resistance
a: no special abilities


You were on level 4 of the Dungeon.
You visited 1 branch of the dungeon, and saw 4 of its levels.

You collected 153 gold pieces.

Inventory:

Hand Weapons
 j - the +5 war axe of Temperance (weapon) {vorpal, rF+ Stlth+}
   (You found it on level 3 of the Dungeon)

   It inflicts extra damage upon your enemies.
   rF:        It protects you from fire.
   Stlth:     It makes you more stealthy.
Armour
 a - a +0 robe (worn)
 e - a +2 pair of boots (worn)
 q - a scarf of resistance (worn)
Wands
 f - a wand of polymorph (6)
Scrolls
 b - a scroll of blinking {unknown}
 c - 5 scrolls of identify {unknown}
 g - a scroll of teleportation {unknown}
 h - a scroll of fear {unknown}
Potions
 d - a potion of haste {unknown}
 i - 2 potions of lignification {unknown}
 k - a potion of degeneration {unknown}


   Skills:
 - Level 1.5 Dodging
 + Level 2.2 Stealth
 * Level 4.2 Spellcasting
 + Level 5.4 Conjurations
 - Level 2.0 Hexes
 - Level 2.0 Translocations


You had 2 spell levels left.
You knew the following spells:

 Your Spells              Type           Power      Damage    Failure   Level
a - Magic Dart            Conj           100%       1d8       1%          1
b - Searing Ray           Conj           54%        2d6       1%          2
c - Fulminant Prism       Conj/Hex       10%        3d9       26%         4
d - Iskenderun's Mystic   Conj/Tloc      20%        2d6       26%         4

Your spell library contained the following spells:

 Spells                   Type           Power      Damage    Failure   Level
 Corpse Rot               Necr/Air       8%         N/A       19%         2
 Dazzling Flash           Conj/Hex       40%        N/A       8%          3
 Dispel Undead            Necr           4%         3d7       75%         4
 Death Channel            Necr           2%         N/A       100%        6


Dungeon Overview and Level Annotations

Branches:
Dungeon (4/15)
 Temple: D:4-7

Altars:
Kikubaaqudgha
Makhleb
Ru
Zin

Shops:
D:2 :

Annotations:
D:4 Blork the orc


Innate Abilities, Weirdness & Mutations

You are immune to sickness and miasma.
Your stone body is resilient. (AC +4)
You are immune to poison.
You resist negative energy. (rN+)
You are resistant to electric shocks. (rElec)
You are resistant to unholy torment.
You are immune to petrification.


Message History

You destroy the adder skeleton!
An adder skeleton comes into view.
Found 18 gold pieces.
An adder skeleton is nearby!
An orc wizard comes into view. It is wielding a +0 dagger.
There are monsters nearby!
Search for what [Enter for "armor", or ? for help]?
Found a stone staircase leading down.
Found a stone staircase leading down.
Blork the orc comes into view.
He is wielding a +3 long sword of electrocution and wearing a +1 robe of willpower.
The orc wizard shouts!
The adder skeleton closely misses you.
An orc comes into view. It is wielding a +0 short sword.
The orc shouts!
You slash the adder skeleton!
You destroy the adder skeleton!
Blork the orc begins to cast a cantrip, but forgets the words!
You closely miss the orc wizard.
The orc wizard hits you but does no damage.
You closely miss the orc. The orc barely misses you.
You completely miss the orc. The orc hits you but does no damage.
The orc wizard hits you but does no damage.
Unknown command.
You closely miss the orc wizard. You hit Blork the orc.
You closely miss the orc. The orc closely misses you.
An orc priest comes into view. It is wielding a +0 club.
Blork the orc hits you with a +3 long sword of electrocution.
The orc wizard points at you and mumbles some strange words.
The puff of flame hits you but does no damage.
You resist. The orc hits you with a +0 short sword.
The orc priest shouts!
You hit Blork the orc.
Blork the orc is moderately wounded.
You closely miss the orc wizard. You closely miss the orc.
Blork the orc hits you with a +3 long sword of electrocution!
The orc wizard casts a spell at you.
The magic dart hits you but does no damage.
The orc hits you but does no damage.
Blork the orc hits you with a +3 long sword of electrocution!
You die...

#.#.#.##.# #.##..._
.....$...# #.###...
#.#.#.#### #.# #.##
#.#.#.######.# #.#
.##.####.#..........#
#.#
.>...........######.#
#.# ###.####.#..##
#.###.##
#.####.#..#######.......
#.....o@oo............##
#.######o...............
#..#####.#.#.#### ...#
#.#..#.# ... ..###.#.#
###### .##.# # #.# #.#
#.


You could see Blork the orc, an orc priest, an orc wizard and an orc.

Vanquished Creatures
  A phantom (D:4)
  A hound (D:4)
  Natasha (D:4)
  An iguana (D:4)
  A howler monkey skeleton (D:2)
  4 adders
  2 adder skeletons (D:4)
  4 dart slugs
  10 orcs
  8 endoplasms
  A giant cockroach (D:3)
  3 goblins
  6 hobgoblins
  3 jackals (D:2)
  6 kobolds
  A quokka (D:3)
  5 ball pythons
  6 bats
  2 frilled lizards
  5 rats
71 creatures vanquished.

Notes
Turn   | Place    | Note
-------+----------+-------------------------------------------
     0 | D:1      | Zeld the Gargoyle Conjurer began the quest for the Orb.
     0 | D:1      | Reached XP level 1. HP: 10/10 MP: 3/3
   371 | D:1      | Reached XP level 2. HP: 15/15 MP: 3/5
   749 | D:1      | Reached skill level 1 in Hexes
  1191 | D:2      | Found Ackappul's Book Emporium.
  1216 | D:2      | Learned a level 2 spell: Searing Ray
  1345 | D:2      | Reached XP level 3. HP: 12/19 MP: 3/6
  1486 | D:2      | Reached skill level 1 in Translocations
  1950 | D:2      | Found a sacrificial altar of Ru.
  2091 | D:2      | Reached XP level 4. HP: 24/24 MP: 4/8
  2132 | D:2      | Learned a level 4 spell: Iskenderun's Mystic Blast
  3189 | D:3      | Reached XP level 5. HP: 26/28 MP: 5/9
  3197 | D:3      | Identified the +5 war axe of Temperance {vorpal, rF+
                  | Stlth+}
  3413 | D:4      | Noticed Natasha
  3421 | D:4      | Killed Natasha
  3453 | D:4      | Found an ancient bone altar of Kikubaaqudgha.
  3456 | D:4      | Found a burning altar of Makhleb.
  3458 | D:4      | Found a glowing silver altar of Zin.
  3470 | D:4      | Reached skill level 5 in Conjurations
  3709 | D:4      | Noticed a phantom
  3719 | D:4      | Killed a phantom
  3720 | D:4      | Reached XP level 6. HP: 20/32 MP: 2/12
  3725 | D:4      | Learned a level 4 spell: Fulminant Prism
  3882 | D:4      | Noticed Blork the orc
  3889 | D:4      | Slain by Blork the orc

Illustrated notes

Levels and vault maps discovered:
D:1:      minmay_arrival_split_and_join, layout_basic
D:2:      layout_loops_cross, basic_altar, serial_shops, shop,
          hangedman_decor_slide_cut, minmay_heptomino_l4
D:3:      layout_rooms
D:4:      layout_loops_ring, grunt_temple_overflow_open, uniq_blork_the_orc,
          uniq_natasha, uniq_crazy_yiuf_cottage

Skill      XL: |  1  2  3  4  5 |
---------------+----------------+-----
Hexes          | 1 2 |  2.0
Translocations | 1 2 |  2.0
Spellcasting   | 3 4 |  4.2
Conjurations   | 5 |  5.4
Dodging        | |  1.5
Stealth        | |  2.2

Action                   |  1- 3 |  4- 6 || total
-------------------------+-------+-------++-------
Melee: Unarmed           |    40 |    48 ||    88
       Punch             |       |     1 ||     1
       War axe           |       |    42 ||    42
 Cast: Magic Dart        |    27 |    26 ||    53
       Searing Ray       |    11 |    12 ||    23
 Stab: Sleeping          |       |     1 ||     1
Armor: Robe              |    17 |    61 ||    78
Dodge: Dodged            |    26 |    95 ||   121
